 Dungeon Crawl Stone Soup version 0.31-a0-971-g75a2e9a4b4 (webtiles) character file.

Game seed: 12827450666491596193

249 porpoise the Shooter (level 6, -4/38 HPs)
             Began as a Tengu Hunter on Oct 29, 2023.
             Was an Initiate of Fedhas.
             Slain by an ogre
             ... wielding a +0 giant club
              (13 damage)
             ... on level 6 of the Dungeon.
             The game lasted 00:13:22 (2486 turns).

porpoise the Shooter (Tengu Hunter)                 Turns: 2486, Time: 00:13:22

Health: -4/38      AC:  4    Str: 11    XL:     6   Next: 12%
Magic:  7/7        EV: 12    Int:  9    God:    Fedhas [......]
Gold:   39         SH:  0    Dex: 20    Spells: 5/5 levels left

rFire   . . .        a - +0 shortbow
rCold   . . .        (shield currently unavailable)
rNeg    . . .        c - +0 leather armour
rPois   .            (helmet restricted)
rElec   .            k - +0 cloak
rCorr   .            (no gloves)
SInv    .            (boots unavailable)
Will    .....        (no amulet)
Stlth   ++           (no ring)
HPRegen 0.26/turn    (no ring)
MPRegen 0.10/turn

%: acrobat
@: hasted, very quick
A: beak, talons 3, acrobatic
a: Renounce Religion


You were on level 6 of the Dungeon.
You worshipped Fedhas.
Fedhas was noncommittal.
You visited 1 branch of the dungeon, and saw 6 of its levels.

You collected 117 gold pieces.
You spent 78 gold pieces at shops.

Inventory:

Hand Weapons
 a - a +0 shortbow (weapon)
 b - a +0 dagger of speed
Missiles
 e - a curare-tipped dart (quivered)
 q - 3 poisoned darts
Armour
 c - a +0 leather armour (worn)
 k - a +0 cloak (worn)
Jewellery
 l - an amulet of magic regeneration
Scrolls
 f - a scroll of torment {unknown}
 g - a scroll of revelation
 j - 3 scrolls of blinking
 o - a scroll of poison
 p - a scroll of fog {unknown}
 r - a scroll of butterflies
Potions
 d - a potion of enlightenment
 h - a potion of curing
 i - a potion of mutation
 m - a potion of attraction


   Skills:
 + Level 3.8 Fighting
 * Level 6.6 Ranged Weapons
 - Level 2.6 Dodging
 - Level 1.6 Stealth


You had 5 spell levels left.
You didn't know any spells.
Your spell library contained the following spells:

 Spells                   Type           Power      Damage    Failure   Level
 Foxfire                  Conj/Fire      0%         2x1d4     47%         1
 Plasma Beam              Fire/Air       0%         2x1d10    100%        6
 Starburst                Conj/Fire      0%         6d3       100%        6


Dungeon Overview and Level Annotations

Branches:
Dungeon (7/15)
 Temple: D:4-7

Altars:
Fedhas
Qazlal
Ru
Sif Muna
Trog
Xom
The Shining One

Shops:
D:1 [:*:   D:7 [


Innate Abilities, Weirdness & Mutations

You have a beak for a mouth.
You have claws for feet.
You can magically evade attacks while moving or waiting.


Message History

The curare-tipped dart hits the gnoll bouda.
The gnoll bouda is poisoned.
The gnoll bouda convulses.
The gnoll bouda seems to slow down.
The gnoll bouda is almost dead.
You feel better.
You kill the gnoll bouda!
Fedhas appreciates your contribution to the ecosystem.
You have reached level 6!
You feel yourself speed up.
The gnoll is no longer moving quickly.
The gnoll hits you with a +0 club!
* * * LOW HITPOINT WARNING * * *
The gnoll hits you from afar with a +0 spear.
* * * LOW HITPOINT WARNING * * *
Unknown command.
You feel better. The gnoll hits you but does no damage.
The gnoll hits you from afar with a +0 spear.
You shoot an arrow. The arrow closely misses the gnoll.
The arrow barely misses the gnoll.
The arrow hits the ogre!
The ogre is moderately wounded.
The gnoll hits you but does no damage.
You shoot an arrow. The arrow barely misses the gnoll.
The arrow hits the ogre!
The ogre is severely wounded.
The gnoll hits you with a +0 club.
You shoot an arrow. The arrow hits the gnoll.
The gnoll is severely wounded.
You shoot an arrow. The arrow hits the gnoll!
You kill the gnoll!
Fedhas appreciates your contribution to the ecosystem.
You shoot an arrow.
The arrow hits the ogre but does no damage.
The ogre is severely wounded.
The gnoll is no longer moving quickly.
The ogre barely misses you.
You shoot an arrow. The arrow hits the ogre!
The ogre is almost dead.
The gnoll hits you from afar with a +0 spear.
* * * LOW HITPOINT WARNING * * *
You shoot an arrow. The arrow closely misses the ogre.
The arrow closely misses the gnoll.
The ogre hits you with a +0 giant club!
You die...
Fedhas appreciates your contribution to the ecosystem.

####### . ##.....##
... ##.......##
.....####.........#
.....gO@'...>[....+
.....####..[......#
##. ##....)..##
##.....## ##...##
##+##


You could see an ogre and a gnoll.

Vanquished Creatures
  An ogre (D:6)
  A gnoll bouda (D:6)
  6 gnolls
  An adder (D:3)
  2 worms
  A dart slug (D:2)
  An orc (D:3)
  5 endoplasms
  3 giant cockroaches
  8 hobgoblins
  4 quokkas
  5 ball pythons
  5 bats
  2 frilled lizards
  4 goblins
  8 kobolds
  3 rats
60 creatures vanquished.

Notes
Turn   | Place    | Note
-------+----------+-------------------------------------------
     0 | D:1      | porpoise the Tengu Hunter began the quest for the Orb.
     0 | D:1      | Reached XP level 1. HP: 12/12 MP: 2/2
    51 | D:1      | Found Tiklevo's Assorted Antiques.
    92 | D:1      | Found Gatuatoe's Armour Boutique.
   233 | D:1      | Found Yniyvuf's Book Emporium.
   292 | D:1      | Found Ytral's Book Emporium.
   436 | D:1      | Reached XP level 2. HP: 17/17 MP: 3/3
   800 | D:1      | Bought a lumpy clear potion for 25 gold pieces
   800 | D:1      | Bought a lumpy coppery potion for 25 gold pieces
   884 | D:2      | Reached XP level 3. HP: 22/22 MP: 4/4
   932 | D:2      | Reached skill level 5 in Ranged Weapons
   938 | D:2      | Reached XP level 4. HP: 9/27 MP: 5/5
  1133 | D:2      | Found a faded altar of an unknown god.
  1428 | D:3      | Found a stormy altar of Qazlal.
  1587 | D:1      | Bought a scroll labelled DIAPRI SUHI for 28 gold pieces
  1716 | D:3      | Found a blossoming altar of Fedhas.
  1792 | D:3      | Became a worshipper of Fedhas Madash
  1806 | D:3      | Found a shimmering blue altar of Sif Muna.
  2102 | D:3      | Found a faded altar of an unknown god.
  2102 | D:3      | Found a sacrificial altar of Ru.
  2110 | D:3      | Found a bloodstained altar of Trog.
  2112 | D:3      | Found a shimmering altar of Xom.
  2114 | D:3      | Found a glowing golden altar of the Shining One.
  2354 | D:4      | You fall into a shaft and drop 3 floors!
  2371 | D:7      | Found Iriejadus's Armour Emporium.
  2430 | D:6      | Noticed an ogre
  2437 | D:6      | Killed an ogre
  2438 | D:6      | Reached skill level 6 in Ranged Weapons
  2438 | D:6      | Reached XP level 5. HP: 32/32 MP: 6/6
  2469 | D:6      | Noticed an ogre
  2478 | D:6      | Reached XP level 6. HP: 18/38 MP: 7/7
  2486 | D:6      | Slain by an ogre

Illustrated notes

Levels and vault maps discovered:
D:1:      lemuel_arrival_muddy, layout_loops_cross, serial_shops,
          shop_fountains, nicolae_shop_pleasant_corner_grove, shop,
          nicolae_shop_tiny_waterfront, chequers_serial_rivers_room_a,
          minmay_misc_feat_doors
D:2:      layout_rooms, hellmonk_ecumenical_altar_crossroads,
          nicolae_concentric_dashed_squares_mild
D:3:      layout_loops_ring, grunt_temple_overflow_forces_of_nature,
          general_overflow_altar, chequers_temple_overflow_minitemple
D:4:      layout_loops_ring, minmay_temple_entry_mini_moons
D:6:      layout_loops_corners, makhleb_heckhound_becter, kennysheep_mini,
          serial_shops, shop, hangedman_decor_lopped, nicolae_shop_dragon_depot,
          uniq_maggie, uniq_edmund
D:7:      layout_loops_corners, nicolae_yredelemnul_corpse_copse,
          grunt_dithmenos_shadows, serial_shops, nicolae_shop_tiny_waterfront,
          serial_bayou_pond_e

Skill      XL: |  1  2  3  4 |
---------------+-------------+-----
Ranged Weapons | 5 6 |  6.6
Fighting       | 3 |  3.8
Dodging        | |  2.6
Stealth        | |  1.6

Action                     |  1- 3 |  4- 6 || total
---------------------------+-------+-------++-------
   Fire: Shortbow          |    78 |   112 ||   190
  Throw: Dart              |       |     3 ||     3
    Use: Scroll            |       |     8 ||     8
         Potion            |       |     3 ||     3
 Armour: Leather armour    |    14 |    26 ||    40
  Dodge: Dodged            |    18 |    27 ||    45

Table legend: (Time is in decaauts)
 A = Elapsed time spent in this place.
 B = Non-inter-level travel time spent in this place.
 C = Inter-level travel time spent in this place.
 D = Time resting spent in this place.
 E = Time spent auto-exploring this place.
 F = Levels seen in this place.
 G = Mean time per level.
                   A        B        C        D        E       F      G
               +--------+--------+--------+--------+--------+-----+--------+
         Total |   2524 |   2306 |    218 |    213 |   1600 |   6 |  420.7 |
       Dungeon |   2524 |   2306 |    218 |    213 |   1600 |   6 |  420.7 |
               +--------+--------+--------+--------+--------+-----+--------+

Top non-repeatable levels by time:
     D:1: 960 daAuts
     D:3: 828 daAuts
     D:2: 576 daAuts
     D:7: 78 daAuts
     D:6: 54 daAuts
     D:4: 25 daAuts
